 Dungeon Crawl Stone Soup version 0.32-a0-643-ga006e7742e (console) character file.

Game seed: 17745107002227058792

275 zenocrate the Digger (level 6, -1/36 HPs)
             Began as an Octopode Earth Elementalist on Mar 7, 2024.
             Slain by a water moccasin (7 damage)
             ... on level 4 of the Dungeon.
             The game lasted 00:06:33 (2732 turns).

zenocrate the Digger (Octopode Earth Elementalist)  Turns: 2732, Time: 00:06:34

Health: -1/36      AC:  1    Str:  7    XL:     6   Next: 25%
Magic:  11/11      EV: 13    Int: 20    God:
Gold:   170        SH:  0    Dex: 12    Spells: 3/11 levels left

rFire   . . .        a - staff of alchemy
rCold   . . .        (no shield)
rNeg    . . .        (helmet restricted)
rPois   +            (no amulet)
rElec   .            i - ring of willpower
rCorr   +            j - ring of resist corrosion
SInv    .            (no ring)
Will    +....        (no ring)
Stlth   +++          (no ring)
HPRegen 0.26/turn    (no ring)
MPRegen 0.12/turn    (no ring)
                     (no ring)

%: no passive effects
@: no status effects
A: almost no armour, amphibious, 8 rings, camouflage 1, gelatinous body 1,
(nimble swimmer 1), tentacles
a: no special abilities


You were on level 4 of the Dungeon.
You visited 1 branch of the dungeon, and saw 4 of its levels.

You collected 170 gold pieces.

Inventory:

Magical Staves
 a - a staff of alchemy (weapon)
Jewellery
 i - a ring of willpower (left tentacle)
 j - a ring of resist corrosion (right tentacle)
Talismans
 m - a beast talisman
Wands
 h - a wand of flame (13)
Scrolls
 b - a scroll of teleportation {unknown}
 d - 2 scrolls of identify {unknown}
 e - a scroll of enchant weapon {unknown}
 l - a scroll of torment {unknown}
Potions
 c - a potion of curing
 g - 2 potions of brilliance {unknown}
 k - a potion of resistance {unknown}
 n - 2 potions of heal wounds {unknown}
 o - a potion of lignification {unknown}
 p - a potion of invisibility {unknown}


   Skills:
 + Level 2.9 Dodging
 - Level 3.4 Stealth
 - Level 0.7 Unarmed Combat
 + Level 3.4 Spellcasting
 + Level 3.1 Conjurations
 + Level 4.2 Earth Magic


You had 3 spell levels left.
You knew the following spells:

 Your Spells              Type           Power      Damage    Failure   Level
a - Sandblast             Erth           40%        2d10      2%          1
b - Stone Arrow           Conj/Erth      36%        3d9       9%          3
c - Petrify               Alch/Erth      17%        N/A       50%         4

Your spell library contained the following spells:

 Spells                   Type           Power      Damage    Failure   Level
 Passwall                 Erth           20%        N/A       7%          3
 Brom's Barrelling Bould  Conj/Erth      18%        2d4       30%         4


Dungeon Overview and Level Annotations

Branches:
Dungeon (4/15)             Temple (0/1) D:4

Altars:
Sif Muna

Shops:
D:1 !


Innate Abilities, Weirdness & Mutations

You cannot wear most types of armour.
You are amphibious.
You can wear up to eight rings at the same time.
Your skin changes colour to match your surroundings (Stealth+).
Your rubbery body absorbs attacks. (AC +1, EV +1)
((You are camouflaged when in or above water. (Stealth+)))
You have tentacles for arms and can constrict up to eight enemies at once.


Message History

The spell is quite dangerous to miscast (10% risk of failure)!
Continue anyway?
Aiming: Stone Arrow (quite dangerous; 10% risk of failure)
Press: ? - help, Shift-Dir - straight line, f/p - scorpion
Aim: a scorpion (lightly wounded, constricted by you, 100% to hit)
The stone arrow hits the scorpion!
The scorpion is almost dead.
You constrict the scorpion.
You kill the scorpion!
Your Conjurations skill increases to level 3!
You have reached level 6!
Casting: Stone Arrow (dangerous; 9% risk of failure)
Confirm with . or Enter, or press ? or * to list all spells.
Aiming: Stone Arrow (dangerous; 9% risk of failure)
Press: ? - help, Shift-Dir - straight line, f - water moccasin
Aim: a water moccasin (48% to hit)
The stone arrow misses the water moccasin.
The stone arrow hits the hobgoblin!
You kill the hobgoblin!
The water moccasin bites you.
Unknown command.
You barely miss the water moccasin. Your grab misses the water moccasin.
The water moccasin barely misses you.
Unknown command.
Casting: Stone Arrow (dangerous; 9% risk of failure)
Confirm with . or Enter, or press ? or * to list all spells.
Aiming: Sandblast (safe; 2% risk of failure)
Press: ? - help, Shift-Dir - straight line, f/p - water moccasin
Aim: a water moccasin (72% to hit)
The blast of sand hits the water moccasin!
The water moccasin is heavily wounded.
The water moccasin bites you.
* * * LOW HITPOINT WARNING * * *
The water moccasin bites you.
* * * LOW HITPOINT WARNING * * *
Unknown command.
Okay, then.
Okay, then.
Okay, then.
Okay, then.
Magic courses through your body. The water moccasin misses you.
The water moccasin bites you!
You die...

.!...>. ....
..#....##...
#....#..#.#
#..#.#...g#
..##...#†.#
#.........#
#..###†#.#
#.....#...
#####.####.# #S# #
#@# #.# #.# #.#
#.#
################<#
.................#
.#################
.# ###########
..........#


You could see a water moccasin.

Vanquished Creatures
  A scorpion (D:4)
  A howler monkey (D:3)
  A hound (D:4)
  An orc priest (D:4)
  Ijyb (D:3)
  Robin (D:3)
  5 dart slugs
  2 ribbon worms (D:2)
  2 orcs (D:4)
  5 ball pythons
  7 bats
  4 endoplasms
  2 giant cockroaches
  11 goblins
  9 hobgoblins
  7 kobolds
  2 quokkas (D:2)
  3 frilled lizards
  2 rats
67 creatures vanquished.

Notes
Turn   | Place    | Note
-------+----------+-------------------------------------------
     0 | D:1      | zenocrate the Octopode Earth Elementalist began the quest
                  | for the Orb.
     0 | D:1      | Reached XP level 1. HP: 11/11 MP: 3/3
    14 | D:1      | Found Itys's Distillery.
   471 | D:1      | Reached XP level 2. HP: 17/17 MP: 1/5
   945 | D:2      | Reached XP level 3. HP: 21/21 MP: 2/6
   949 | D:2      | Learned a level 3 spell: Stone Arrow
  1635 | D:3      | Reached XP level 4. HP: 27/27 MP: 5/8
  1689 | D:3      | Noticed Ijyb
  1696 | D:3      | Killed Ijyb
  1708 | D:3      | Reached XP level 5. HP: 19/31 MP: 2/9
  1794 | D:3      | Learned a level 4 spell: Petrify
  1804 | D:3      | Noticed Robin
  1831 | D:3      | Killed Robin
  1966 | D:3      | Found a shimmering blue altar of Sif Muna.
  2493 | D:4      | Reached skill level 4 in Earth Magic
  2717 | D:4      | Found a staircase to the Ecumenical Temple.
  2717 | D:4      | Noticed a water moccasin
  2724 | D:4      | Reached XP level 6. HP: 13/36 MP: 3/11
  2732 | D:4      | Slain by a water moccasin

Illustrated notes

Levels and vault maps discovered:
D:1:      doesnt_arrival_eight_statues, layout_basic, serial_shops,
          nicolae_shop_industrial_runoff
D:2:      layout_rooms
D:3:      layout_loops_ring, nicolae_sif_muna_condensation, uniq_robin,
          uniq_ijyb
D:4:      layout_loops_ring, grunt_temple_overflow_lords_of_destruction,
          minmay_temple_entry_mini_moons

Skill      XL: |  1  2  3  4  5 |
---------------+----------------+-----
Stealth        | 3 |  3.4
Conjurations   | 2 3 |  3.1
Spellcasting   | 3 |  3.4
Earth Magic    | 4 |  4.2
Dodging        | |  2.9
Unarmed Combat | |  0.7

Action                     |  1- 3 |  4- 6 || total
---------------------------+-------+-------++-------
  Melee: Constrict         |     1 |     5 ||     6
         Tentacles         |     1 |     2 ||     3
         Short sword       |     1 |       ||     1
         Staff             |       |    17 ||    17
   Cast: Sandblast         |    52 |    35 ||    87
         Stone Arrow       |       |     4 ||     4
    Use: Potion            |       |     2 ||     2
 Armour: Skin              |     3 |    32 ||    35
  Dodge: Dodged            |    11 |    27 ||    38

Table legend: (Time is in decaauts)
 A = Elapsed time spent in this place.
 B = Non-inter-level travel time spent in this place.
 C = Inter-level travel time spent in this place.
 D = Time resting spent in this place.
 E = Time spent auto-exploring this place.
 F = Levels seen in this place.
 G = Mean time per level.
                   A        B        C        D        E       F      G
               +--------+--------+--------+--------+--------+-----+--------+
         Total |   2776 |   2704 |     72 |      0 |   2313 |   4 |  694.0 |
       Dungeon |   2776 |   2704 |     72 |      0 |   2313 |   4 |  694.0 |
               +--------+--------+--------+--------+--------+-----+--------+

Top non-repeatable levels by time:
     D:3: 864 daAuts
     D:2: 843 daAuts
     D:1: 810 daAuts
     D:4: 258 daAuts
